 Dungeon Crawl Stone Soup version 0.29-a0-490-g77b3608bb8 (webtiles) character file.

Game seed: 8302950176645371380

9230 pokeman the Thaumaturge (level 11, -2/60 HPs)
             Began as a Deep Elf Hedge Wizard on May 27, 2022.
             Was a Believer of Vehumet.
             Slain by a killer bee (6 damage)
             ... on level 10 of the Dungeon.
             The game lasted 00:26:47 (12385 turns).

pokeman the Thaumaturge (Deep Elf Hedge Wizard)    Turns: 12385, Time: 00:26:47

Health: -2/60      AC:  7    Str: 11    XL:     11   Next: 20%
Magic:  32/40      EV: 12    Int: 24    God:    Vehumet [**....]
Gold:   453        SH:  0    Dex: 11    Spells: 26/39 levels left

rFire   . . .      SeeInvis .   S - +8 rapier of Cowardice {freeze, rElec Str+4 Dex-3 Stlth+}
rCold   + . .      Faith    .   (no shield)
rNeg    . . .      Spirit   .   M - +1 leather armour {rF+}
rPois   +          Reflect  .   v - +2 hat
rElec   +          Harm     .   b - scarf {repulsion}
rCorr   .          Rampage  .   w - +0 pair of gloves
Will    +....                   (no boots)
Stlth   +++.......              (no amulet)
HPRegen 0.20/turn               y - ring of poison resistance
MPRegen 0.27/turn               a - ring "Ohodaihe" {Ice MP+9}

@: repel missiles
A: no striking features
a: Renounce Religion


You were on level 10 of the Dungeon.
You worshipped Vehumet.
Vehumet was pleased with you.
You visited 1 branch of the dungeon, and saw 10 of its levels.

You collected 453 gold pieces.

Inventory:

Hand Weapons
 E - a +0 shortbow
 O - a +2 spear of venom
 S - the +8 rapier of Cowardice (weapon) {freeze, rElec Str+4 Dex-3 Stlth+}
   (You found it on level 10 of the Dungeon)

   It freezes those it strikes, dealing additional cold damage.
   It can also slow down cold-blooded creatures.
   Str:       It affects your strength (+4).
   Dex:       It affects your dexterity (-3).
   rElec:     It insulates you from electricity.
   Stlth:     It makes you more stealthy.
 T - a +2 war axe of pain
Missiles
 C - 4 throwing nets
Armour
 b - a scarf of repulsion (worn)
 v - a +2 hat (worn)
 w - a +0 pair of gloves (worn)
 x - an orb of guile
 M - a +1 leather armour of fire resistance (worn)
 U - +0 swamp dragon scales
Jewellery
 a - the ring "Ohodaihe" (right hand) {Ice MP+9}
   (You found it on level 5 of the Dungeon)

   [ring of ice]

   It enhances your ice magic.
   rF:        It makes you vulnerable to fire.
   rC:        It protects you from cold.
   MP:        It affects your magic capacity (+9).
 g - a ring of wizardry
 q - a ring of protection from fire
 y - a ring of poison resistance (left hand)
 D - a ring of positive energy
 H - a +6 ring of intelligence
Wands
 r - a wand of flame (43)
 u - a wand of acid (14)
 L - a wand of iceblast (6)
 Q - a wand of polymorph (6)
 R - a wand of charming (5)
Scrolls
 e - 3 scrolls of fear {unknown}
 i - 9 scrolls of identify {unknown}
 j - 7 scrolls of teleportation {unknown}
 m - a scroll of enchant weapon {unknown}
 o - a scroll of blinking {unknown}
 s - 4 scrolls of noise {unknown}
 B - 4 scrolls of vulnerability {unknown}
 F - 3 scrolls of amnesia {unknown}
 G - a scroll of enchant armour {unknown}
 J - 2 scrolls of fog {unknown}
 P - a scroll of immolation {unknown}
Potions
 c - 3 potions of berserk rage {unknown}
 d - a potion of magic
 f - 3 potions of attraction {unknown}
 h - 4 potions of curing
 k - 5 potions of flight {unknown}
 l - a potion of cancellation {unknown}
 n - 4 potions of mutation {unknown}
 p - 2 potions of resistance {unknown}
 t - 2 potions of lignification {unknown}
 z - 3 potions of heal wounds {unknown}
 A - 3 potions of brilliance {unknown}
 I - a potion of haste {unknown}
 K - 2 potions of ambrosia {unknown}
 N - 2 potions of invisibility {unknown}


   Skills:
 + Level 3.1 Fighting
 - Level 4.0 Armour
 - Level 3.0 Dodging
 - Level 3.0 Stealth
 - Level 3.0 Shields
 * Level 14.9 Spellcasting
 + Level 8.7 Conjurations
 - Level 1.0 Hexes
 - Level 1.1 Summonings
 - Level 1.1 Translocations
 + Level 8.0 Fire Magic
 - Level 1.0 Air Magic
 - Level 1.0 Poison Magic
 - Level 1.0 Evocations


You had 26 spell levels left.
You knew the following spells:

 Your Spells              Type           Power      Damage    Failure   Level
a - Magic Dart            Conj           100%       1d8       1%          1
b - Mephitic Cloud        Conj/Pois/Air  35%        N/A       2%          3
c - Call Imp              Summ           23%        N/A       4%          2
d - Blink                 Tloc           46%        N/A       4%          2
e - Conjure Flame         Conj/Fire      55%        6-21      1%          3
f - Foxfire               Conj/Fire      100%       2x1d9     1%          1
g - Slow                  Hex            88%        N/A       2%          1

Your spell library contained the following spells:

 Spells                   Type           Power      Damage    Failure   Level
 Scorch                   Fire           100%       2d10      1%          2
 Searing Ray              Conj           100%       2d8       1%          2
 Apportation              Tloc           46%        N/A       2%          1
 Summon Small Mammal      Summ           92%        N/A       2%          1
 Necrotize                Necr           68%        1d7       4%          1
 Fulminant Prism          Conj/Hex       20%        3d13      5%          4
 Summon Forest            Summ/Tloc      11%        N/A       58%         5
 Eringya's Noxious Bog    Tmut/Pois      10%        N/A       99%         6
 Summon Hydra             Summ           11%        N/A       100%        7


Dungeon Overview and Level Annotations

Branches:
Dungeon (10/15)            Temple (0/1) D:6            Lair (0/6) D:8
    Orc: D:9-12

Altars:
Ashenzari
Fedhas
Hepliaklqana
Makhleb
Nemelex Xobeh
Sif Muna
Trog
Vehumet
Wu Jian
Xom
Yredelemnul
Zin
The Shining One

Shops:
D:9 (*(:

Annotations:
D:4 2 transporters, croobank's ghost, novice GnDe


Message History

Unknown command.
You completely miss the killer bee.
The killer bee is moderately wounded.
You feel sick.
The foxfire hits the killer bee but does no damage.
The killer bee is moderately wounded.
The foxfire hits the killer bee but does no damage.
The killer bee is moderately wounded.
The killer bee stings you. x2
* * * LOW HITPOINT WARNING * * *
You are more poisoned.
The killer bee poisons you!
Casting: Foxfire (safe; 1% risk of failure)
Confirm with . or Enter, or press ? or * to list all spells.
You conjure some foxfire!
* * * LOW HITPOINT WARNING * * *
You feel very sick. The killer bee stings you.
* * * LOW HITPOINT WARNING * * *
The killer bee barely misses you.
You barely miss the killer bee.
The killer bee is moderately wounded.
* * * LOW HITPOINT WARNING * * *
You feel sick.
The foxfire hits the killer bee but does no damage.
The killer bee is moderately wounded.
The foxfire hits the killer bee.
The killer bee is heavily wounded.
The killer bee stings you.
* * * LOW HITPOINT WARNING * * *
The killer bee completely misses you. The killer bee closely misses you.
Unknown command.
You feel better. The killer bee stings you.
* * * LOW HITPOINT WARNING * * *
The killer bee misses you.
Unknown command.
Casting: Foxfire (safe; 1% risk of failure)
Confirm with . or Enter, or press ? or * to list all spells.
You conjure some foxfire!
The killer bee stings you.
You die...

#.........# #.........#
#.........## #..........###
###### #............# .....# .
#..........#.###.....#
#.####..............#.....#
#.......#########.[...#
##......#y@†......##.##
#.......vv######.##..# #
#......#..# ##......#
#.####.........# ##.......##
#.#.........##.# #......T..##
#...........##.# #..........# .
#..<##......##.###..........#..
.....###......##...#.........)...
###......##.######...........#...


You could see a killer bee (ally target).

Vanquished Creatures
  Snorg (D:10)
  2 two-headed ogres (D:9)
  Urug (D:10)
  Maggie (D:10)
  A troll (D:9)
  2 wyverns (D:9)
  A wraith (D:9)
  16 yaks
  A water moccasin (D:6)
  A black bear (D:6)
  An orc warrior (D:8)
  A sky beast (D:7)
  An ice beast (D:7)
  A centaur (D:7)
  An ogre (D:4)
  2 phantoms
  6 bullfrogs
  2 necrophages
  A gnoll sergeant (D:9)
  5 scorpions
  11 wights
  16 killer bees
  2 jellies
  4 gnoll shamans
  2 hounds
  Ijyb (D:4)
  2 orc priests
  An iguana (D:5)
  An orc wizard (D:5)
  23 gnolls
  6 adders
  A white imp (D:6)
  An ufetubus (D:6)
  16 orcs
  3 endoplasms
  2 giant cockroaches
  3 goblins
  8 hobgoblins
  5 kobolds
  5 quokkas
  5 ball pythons
  7 bats
  3 frilled lizards
  9 rats
185 creatures vanquished.

Vanquished Creatures (collateral kills)
  5 orcs (D:4)
  6 foxfires (D:8)
11 creatures vanquished.

Vanquished Creatures (others)
  234 foxfires
  12 fungi (D:8)
  10 plants (D:8)
256 creatures vanquished.

Grand Total: 452 creatures vanquished

Notes
Turn   | Place    | Note
-------+----------+-------------------------------------------
     0 | D:1      | pokeman the Deep Elf Hedge Wizard began the quest for the
                  | Orb.
     0 | D:1      | Reached XP level 1. HP: 10/10 MP: 7/7
   274 | D:1      | Reached XP level 2. HP: 15/15 MP: 7/9
   533 | D:1      | Found a faded altar of an unknown god.
  1290 | D:2      | Reached skill level 5 in Spellcasting
  1391 | D:2      | Reached XP level 3. HP: 20/20 MP: 3/11
  1395 | D:2      | Learned a level 3 spell: Mephitic Cloud
  1398 | D:2      | Learned a level 2 spell: Blink
  1400 | D:2      | Learned a level 1 spell: Slow
  1404 | D:2      | Learned a level 3 spell: Conjure Flame
  1862 | D:2      | Reached skill level 1 in Armour
  2095 | D:2      | Reached skill level 1 in Fighting
  2098 | D:2      | Learned a level 2 spell: Call Imp
  2689 | D:3      | Reached XP level 4. HP: 25/25 MP: 11/13
  3212 | D:4      | Reached skill level 1 in Hexes
  3331 | D:4      | Noticed an ogre
  3406 | D:4      | Killed an ogre
  3407 | D:4      | Reached skill level 6 in Spellcasting
  3407 | D:4      | Reached skill level 1 in Fire Magic
  3407 | D:4      | Reached XP level 5. HP: 9/29 MP: 0/15
  3865 | D:4      | Found a transporter.
  3865 | D:4      | Noticed croobank's ghost (novice GnDe)
  3943 | D:4      | Noticed Ijyb
  3951 | D:4      | Killed Ijyb
  4239 | D:4      | Found a transporter.
  4277 | D:4      | Reached skill level 1 in Air Magic
  4280 | D:4      | Reached XP level 6. HP: 34/34 MP: 5/17
  4358 | D:4      | Reached skill level 7 in Spellcasting
  4367 | D:4      | Reached skill level 1 in Poison Magic
  4367 | D:4      | Reached skill level 1 in Evocations
  4899 | D:5      | Entered Level 5 of the Dungeon
  5090 | D:5      | Reached XP level 7. HP: 18/38 MP: 6/20
  5091 | D:5      | Identified the ring "Ohodaihe" {Ice MP+9}
  5597 | D:5      | Reached skill level 8 in Spellcasting
  6265 | D:6      | Found a sparkling altar of Nemelex Xobeh.
  6330 | D:6      | Reached XP level 8. HP: 44/44 MP: 22/22
  6343 | D:6      | Found a glowing silver altar of Zin.
  6357 | D:6      | Reached skill level 9 in Spellcasting
  6560 | D:6      | Found a blossoming altar of Fedhas.
  6561 | D:6      | Found a radiant altar of Vehumet.
  6561 | D:6      | Found a burning altar of Makhleb.
  6563 | D:6      | Found a shimmering blue altar of Sif Muna.
  6563 | D:6      | Found a hazy altar of Hepliaklqana.
  6564 | D:6      | Found a glowing golden altar of the Shining One.
  6566 | D:6      | Found a basalt altar of Yredelemnul.
  6567 | D:6      | Found a shimmering altar of Xom.
  6571 | D:6      | Became a worshipper of Vehumet
  6645 | D:6      | Reached skill level 5 in Conjurations
  6895 | D:6      | Found a staircase to the Ecumenical Temple.
  7179 | D:7      | Reached skill level 10 in Spellcasting
  7938 | D:7      | Reached XP level 9. HP: 38/48 MP: 20/25
  8165 | D:7      | Found an ornate altar of the Wu Jian Council.
  8167 | D:7      | Found a broken altar of Ashenzari.
  8169 | D:7      | Found a bloodstained altar of Trog.
  8454 | D:7      | Reached skill level 11 in Spellcasting
  8454 | D:7      | Reached skill level 5 in Fire Magic
  8841 | D:8      | Reached * piety under Vehumet
  8841 | D:8      | Offered knowledge of Foxfire by Vehumet.
  8846 | D:8      | Learned a level 1 spell: Foxfire
  9216 | D:8      | Reached skill level 12 in Spellcasting
  9230 | D:8      | Reached skill level 1 in Shields
  9515 | D:8      | Reached XP level 10. HP: 53/53 MP: 28/28
  9692 | D:8      | Found a staircase to the Lair.
  9978 | D:9      | Found Miwinikh's Antique Weapon Emporium.
 10277 | D:9      | Reached skill level 13 in Spellcasting
 10496 | D:9      | Noticed a two-headed ogre
 10515 | D:9      | Killed a two-headed ogre
 10902 | D:9      | Reached skill level 14 in Spellcasting
 11070 | D:9      | Found Qietuim's Weapon Emporium.
 11077 | D:9      | Found Esoeffot's General Store.
 11123 | D:9      | Found Godarch's Book Boutique.
 11143 | D:9      | Noticed a two-headed ogre
 11158 | D:9      | Killed a two-headed ogre
 11158 | D:9      | Offered knowledge of Scorch by Vehumet.
 11686 | D:10     | Entered Level 10 of the Dungeon
 11689 | D:10     | Noticed Maggie
 11750 | D:10     | Noticed Urug
 11769 | D:10     | Killed Urug
 11770 | D:10     | Reached XP level 11. HP: 9/59 MP: 31/31
 12099 | D:10     | Identified the +8 rapier of Cowardice {freeze, rElec Str+4
                  | Dex-3 Stlth+}
 12123 | D:10     | Killed Maggie
 12144 | D:10     | Noticed Snorg
 12164 | D:10     | Reached ** piety under Vehumet
 12312 | D:10     | Killed Snorg
 12383 | D:10     | HP: 1/60 [killer bee (5)]
 12385 | D:10     | Slain by a killer bee

Illustrated notes

Levels and vault maps discovered:
D:1:      dpeg_arrival_erosion, layout_basic, basic_ecumenical_altar,
          patterned_corridor
D:2:      layout_loops_ring
D:3:      layout_basic
D:4:      layout_loops_corners, gammafunk_ghost_arena,
          minmay_misc_feat_four_crosses, uniq_ijyb
D:5:      layout_loops_ring
D:6:      layout_loops_ring, nemelex_xobeh_ov_fountains_minmay, minitemple,
          zin_academy, minmay_temple_entry_statues_fountains
D:7:      layout_gridville, grunt_temple_overflow_diamond
D:8:      layout_basic, grunt_lair_entry_orc_guard_hut
D:9:      layout_loops_ring, serial_shops, nicolae_stop_n_shop_2,
          kennysheep_little_box, nicolae_shop_trees, shop_fountains
D:10:     layout_rooms, uniq_maggie, uniq_snorg, uniq_urug

Skill      XL: |  1  2  3  4  5  6  7  8  9 10 11 |
---------------+----------------------------------+-----
Spellcasting   | 5 6 7 8 10 12 14 | 14.9
Armour         | 1 3 4 |  4.0
Fighting       | 1 2 3 |  3.1
Conjurations   | 2 3 4 5 7 8 |  8.7
Hexes          | 1 |  1.0
Dodging        | 3 |  3.0
Fire Magic     | 1 2 3 4 6 7 8 |  8.0
Stealth        | 3 |  3.0
Air Magic      | 1 |  1.0
Poison Magic   | 1 |  1.0
Evocations     | 1 |  1.0
Shields        | 1 3 |  3.0
Summonings     | |  1.1
Translocations | |  1.1

Action                   |  1- 3 |  4- 6 |  7- 9 | 10-12 || total
-------------------------+-------+-------+-------+-------++-------
Melee: Dagger            |    15 |    32 |    41 |       ||    88
       Punch             |       |     2 |     1 |       ||     3
       Spear             |       |       |       |    19 ||    19
       Rapier            |       |       |       |     6 ||     6
 Fire: Shortbow          |       |       |    50 |    25 ||    75
 Cast: Magic Dart        |   103 |    60 |   197 |     5 ||   365
       Mephitic Cloud    |       |    12 |    18 |    15 ||    45
       Conjure Flame     |       |     7 |    22 |    24 ||    53
       Call Imp          |       |     3 |     3 |     2 ||     8
       Blink             |       |     1 |     1 |     1 ||     3
       Foxfire           |       |       |    12 |   123 ||   135
  Use: Potion            |       |       |       |     1 ||     1
 Stab: Confused          |       |     5 |     8 |       ||    13
       Sleeping          |       |       |       |     1 ||     1
Armor: Robe              |     6 |       |       |       ||     6
       Leather armour    |       |     8 |    27 |    22 ||    57
Dodge: Dodged            |    26 |    13 |    65 |    60 ||   164

Table legend: (Time is in decaauts)
 A = Elapsed time spent in this place.
 B = Non-inter-level travel time spent in this place.
 C = Inter-level travel time spent in this place.
 D = Time resting spent in this place.
 E = Time spent auto-exploring this place.
 F = Levels seen in this place.
 G = Mean time per level.
                   A        B        C        D        E       F      G
               +--------+--------+--------+--------+--------+-----+--------+
         Total |  12426 |  12040 |    386 |    124 |   9960 |  10 | 1242.6 |
       Dungeon |  12426 |  12040 |    386 |    124 |   9960 |  10 | 1242.6 |
               +--------+--------+--------+--------+--------+-----+--------+

Top non-repeatable levels by time:
     D:9: 1765 daAuts
     D:4: 1728 daAuts
     D:8: 1498 daAuts
     D:2: 1316 daAuts
     D:7: 1300 daAuts
     D:6: 1298 daAuts
     D:5: 1098 daAuts
     D:1: 1000 daAuts
     D:3: 851 daAuts
    D:10: 566 daAuts
